 Dungeon Crawl Stone Soup version 0.29.1-15-g9cfb28693d (webtiles) character file.

Game seed: 7065843539035482312

21 Peloso the Covered (level 2, 27/27 HPs)
             Began as a Minotaur Fighter on Apr 29, 2023.
             Got out of the dungeon alive.
             The game lasted 00:01:25 (1435 turns).

Peloso the Covered (Minotaur Fighter)               Turns: 1435, Time: 00:01:26

Health: 27/27      AC:  7    Str: 15 (18) XL:     2   Next: 65%
Magic:  1/1        EV:  8    Int:  2 (5)  God:
Gold:   67         SH:  4    Dex:  6 (9)  Spells: 1/1 levels left

rFire   . . .      SeeInvis .   a - +0 long sword
rCold   . . .      Faith    .   c - +0 buckler
rNeg    . . .      Spirit   .   b - +0 scale mail
rPois   .          Reflect  .   (helmet restricted)
rElec   .          Harm     .   (no cloak)
rCorr   .          Rampage  .   (no gloves)
Will    .....                   (no boots)
Stlth   +.........              (no amulet)
HPRegen 0.09/turn               (no ring)
MPRegen 0.07/turn               (no ring)

@: no status effects
A: horns 2, retaliatory headbutt, camouflage 1, weak 1
a: no special abilities


You escaped.
You visited 1 branch of the dungeon, and saw 1 of its levels.

You collected 67 gold pieces.

Inventory:

Hand Weapons
 a - a +0 long sword (weapon)
Armour
 b - a +0 scale mail (worn)
 c - a +0 buckler (worn)
Jewellery
 f - a +6 ring of strength
Scrolls
 e - a scroll of identify {unknown}
 g - a scroll of fog {unknown}
 h - a scroll of magic mapping {unknown}
 j - a scroll of teleportation {unknown}
 m - 2 scrolls of fear
Potions
 d - 2 potions of might
 l - a potion of haste {unknown}


   Skills:
 + Level 4.0 Fighting
 + Level 2.8 Long Blades
 + Level 4.0 Armour
 + Level 3.9 Shields


You had one spell level left.
You didn't know any spells.
Your spell library contained the following spells:

 Spells                   Type           Power      Damage    Failure   Level
 Ignite Poison            Fire/Tmut/Pois 0%         N/A       100%        3
 Mephitic Cloud           Conj/Pois/Air  0%         N/A       100%        3
 Freezing Cloud           Conj/Ice/Air   0%         6-21      100%        5


Dungeon Overview and Level Annotations

Branches:
Dungeon (1/15)

Altars:


Innate Abilities, Weirdness & Mutations

You have a pair of horns on your head.
You reflexively headbutt those who attack you in melee.
Your skin changes colour to match your surroundings (Stealth+).
You are weak. (Str -2)


Message History

You hit the kobold.
The kobold is heavily wounded.
The kobold hits you but does no damage.
You hit the kobold.
You kill the kobold!
Your Fighting skill increases to level 4!
Things that are here:
a +0 club; a kobold corpse Done exploring.
Key pressed, stopping explore.
Done exploring.
Done exploring.
Done exploring.
As you read the scroll labelled FANIKH YTUQYO, it crumbles to dust.
You assume a fearsome visage.
Nothing appears to happen.
It was a scroll of fear.
It was a potion of degeneration.
There was something very wrong with that liquid.
You feel weakened.
You feel dopey.
You feel clumsy.
It was a potion of mutation.
You feel extremely strange.
You feel resistant to heat. The horns on your head grow some more.
Really quaff the potion of mutation?
You feel extremely strange. The horns on your head shrink a bit.
You no longer feel heat resistant.
You feel weaker.
Your skin functions as natural camouflage.
Unknown command.
(D) Dungeon
Where to? (? - help)
What level of the Dungeon? (default 1, ? - help)
You enter the shallow water.
Moving in this stuff is going to be slow.
You enter the shallow water.
Moving in this stuff is going to be slow.
There is a large open door here.
There is a large open door here.
There is a large open door here.
There is a staircase leading out of the dungeon here.
Are you sure you want to leave the Dungeon?
This will make you lose the game!
You have escaped!

.......#
#~..8..........8..~..
.......#
#~.##############.~.#
.......#
#~8#.#.≈§.#~~~~~#8~..
.......#
#~.#.#.≈≈.#~...~#.~##
.......##
#~.#.#.≈≈.#~.#.~#.~..
........#
#~.#.#.§§§#~.#.~#8~.#
........#
#~.#.#.§§§#~.#.~#.~.#
...####.#
#~.#.'.§.§'..#..'...#
......#.#
#~.#@'....'..#..'...#
......#.#
#~.#.#.≈§.#~.#.~#.~.#
).....#.#
#~.#.#.≈≈.#~.#.~#8~.#
......#.#
#~.#.#.≈≈.#~.#.~#.~.#
......#.#
#~.#.#.≈§.#~...~#.~.#
##'####.#
#~8#.#.≈≈.#~~~~~#8~.# #.#
#.# #~.##############.~.#
#.# #.#
#~..8..........8..~.# #.#
#.#####~~~~~~~~~~~~≈~~~~~.#


There were no monsters in sight!

Vanquished Creatures
  A dart slug (D:1)
  A bat (D:1)
  4 endoplasms (D:1)
  A giant cockroach (D:1)
  A goblin (D:1)
  3 hobgoblins (D:1)
  A kobold (D:1)
  A quokka (D:1)
  2 ball pythons (D:1)
15 creatures vanquished.

Notes
Turn   | Place    | Note
-------+----------+-------------------------------------------
     0 | D:1      | Peloso the Minotaur Fighter began the quest for the Orb.
     0 | D:1      | Reached XP level 1. HP: 19/19 MP: 0/0
    82 | D:1      | Found a faded altar of an unknown god.
   308 | D:1      | Reached XP level 2. HP: 25/27 MP: 1/1
  1366 | D:1      | Gained mutation: Your flesh is heat resistant. (rF+)
                  | [potion of mutation]
  1366 | D:1      | Gained mutation: You have a pair of large horns on your
                  | head. [potion of mutation]
  1367 | D:1      | Lost mutation: You have a pair of large horns on your head.
                  | [potion of mutation]
  1367 | D:1      | Lost mutation: Your flesh is heat resistant. (rF+) [potion
                  | of mutation]
  1367 | D:1      | Gained mutation: You are weak. (Str -2) [potion of
                  | mutation]
  1367 | D:1      | Gained mutation: Your skin changes colour to match your
                  | surroundings (Stealth+). [potion of mutation]
  1435 | D:$      | Got out of the dungeon alive.

Illustrated notes

Levels and vault maps discovered:
D:1:      lightli_arrival_isolated_outpost, layout_basic,
          ebering_ecumenical_altar_sacrificial

Skill      XL: |  1  2 |
---------------+-------+-----
Armour         | 4 |  4.0
Fighting       | 4 |  4.0
Long Blades    | |  2.8
Shields        | |  3.9

Action                   || total
-------------------------++-------
Melee: Long sword        ||    32
       Headbutt          ||     8
  Use: Potion            ||     3
       Scroll            ||     1
Armor: Scale mail        ||    18
Dodge: Dodged            ||    10
Block: Buckler           ||    10
